cohdb
Replays
Latest Replays
All Replays
Popular Replays
Top Player Replays
Match Explorer
How It Works
Community
CoH3 Stats
Reddit
Sign in to upload your games and track your stats! →
Sign in with Steam
Match 45638751
Unlisted
Match 45638751
Overview
Messages
Build Orders
End
Construct Barracks
Selects Special Operations Battlegroup
Riflemen Squad
M1 Mortar Team
Riflemen Squad
Selects M29 Weasel with M1 Pack Howitzer
M29 Weasel with M1 Pack Howitzer
Grenade Package
Construct Medical Station
Mechanized Support Center
Construct Weapon Support Center
M1918 Browning Automatic Rifles
Bazooka Squad
Engineer Squad
Riflemen Squad
.30 cal Machine Gun
Construct Tank Depot
Bazooka Squad
M4A1 Sherman Medium Tank
Selects P-47 Anti-Infantry Loiter
Designate Forward Repair Station
M4A1 Sherman Medium Tank
on-call gamer
Gus Chiggins
Enrico Pallazzo
Rogue_Nihilus
Infernospeed
MillenniumKnight
DireRadiant
Sauceram
0
0
Comments
sign in to comment!
No comments posted yet!